 Dungeon Crawl Stone Soup version 0.31-a0-875-g02e7d12df6 (webtiles) character file.

Game seed: 2438156774745535889

61 lessens the Chopper (level 3, 0/29 HPs)
             Began as a Demonspawn Fighter on Oct 12, 2023.
             Slain by Robin
             ... wielding a +0 mace
              (7 damage)
             ... on level 2 of the Dungeon.
             The game lasted 00:01:15 (1291 turns).

lessens the Chopper (Demonspawn Fighter)            Turns: 1291, Time: 00:01:15

Health: 0/29       AC:  6    Str: 18    XL:     3   Next: 83%
Magic:  0/3        EV:  9    Int:  9    God:
Gold:   107        SH:  4    Dex: 12    Spells: 2/2 levels left

rFire   . . .        a - +0 war axe
rCold   . . .        c - +0 buckler
rNeg    . . .        b - +0 scale mail
rPois   .            (no helmet)
rElec   .            (no cloak)
rCorr   .            (no gloves)
SInv    .            (no boots)
Will    .....        h - amulet of guardian spirit Stlth
                     (no ring)
HPRegen 0.24/turn    (no ring)
MPRegen 0.08/turn

%: guardian spirit
@: no status effects
A: claws 1, ignite blood 1
a: no special abilities


You were on level 2 of the Dungeon.
You visited 1 branch of the dungeon, and saw 2 of its levels.

You collected 107 gold pieces.

Inventory:

Hand Weapons
 a - a +0 war axe (weapon)
Missiles
 f - 9 stones
Armour
 b - a +0 scale mail (worn)
 c - a +0 buckler (worn)
Jewellery
 h - an amulet of guardian spirit (around neck)
Scrolls
 e - a scroll of revelation {unknown}
 g - a scroll of teleportation {unknown}
 j - a scroll of brand weapon {unknown}
 k - a scroll of immolation {unknown}
 m - a scroll of poison {unknown}
 o - a scroll of noise {unknown}
Potions
 d - a potion of might
 i - a potion of brilliance {unknown}
 l - a potion of attraction {unknown}
 n - a potion of curing {unknown}


   Skills:
 - Level 3.0 Fighting
 + Level 3.8 Axes
 - Level 2.6 Armour
 - Level 2.6 Shields


You had 2 spell levels left.
You didn't know any spells.
Your spell library was empty.

Dungeon Overview and Level Annotations

Branches:
Dungeon (2/15) Zot: 10659

Altars:

Annotations:
D:2 Robin


Innate Abilities, Weirdness & Mutations

You have sharp fingernails.
Your demonic aura sometimes causes spilled blood to erupt in flames.


Message History

You hit the goblin but do no damage. You hit the hobgoblin.
You kill the hobgoblin!
You slash the goblin!
You kill the goblin!
You closely miss the goblin. You slash Robin! You hit the goblin.
You kill the goblin!
The goblin hits you but does no damage. Robin barely misses you.
The goblin hits you with a +0 dagger.
Something unseen opens the door.
You hit the goblin.
The goblin is heavily wounded.
You slash the goblin!
You kill the goblin!
You hit the goblin.
You kill the goblin!
You hit Robin but do no damage.
Robin says, "Kneel, worm!"
Robin hits you with a +0 mace.
A hobgoblin comes into view.
The goblin hits you but does no damage. Robin hits you but does no damage.
The goblin hits you but does no damage.
You hit Robin.
Robin is almost dead.
You completely miss the goblin. You closely miss the goblin.
Robin roars a battlecry!
The goblins go into a battle-frenzy!
The goblin misses you. The goblin hits you with a +0 dagger.
You hit Robin.
Robin is almost dead.
You hit the goblin.
You kill the goblin!
You slash the goblin!
You kill the goblin!
Robin hits you with a +0 mace.
* * * LOW HITPOINT WARNING * * *
You barely miss Robin.
Robin is almost dead.
You barely miss the hobgoblin. You block the hobgoblin's attack.
Robin hits you with a +0 mace!
You die...
Robin says, "And that's why I'm the boss."

.... ....g ## ..... .. ......##.
# ......'...# ###### #
......#.#.#.#....# #
......)gg...#.##.# #
#)@#####.##.# #
#)))......#.#######
........########........
.#####................##
#.######.#######.#
#.######.........## .
#.##.....#######...
.##############.##.###.....#....#
.............................)>.#


You could see Robin and a hobgoblin (strong).

Vanquished Creatures
  A worm (D:2)
  A dart slug (D:1)
  3 orcs (D:2)
  4 ball pythons
  2 endoplasms (D:1)
  2 giant cockroaches (D:1)
  15 goblins
  6 hobgoblins
  3 quokkas (D:1)
  3 bats (D:1)
  3 kobolds
  A rat (D:2)
44 creatures vanquished.

Notes
Turn   | Place    | Note
-------+----------+-------------------------------------------
     0 | D:1      | lessens the Demonspawn Fighter began the quest for the Orb.
     0 | D:1      | Reached XP level 1. HP: 18/18 MP: 1/1
   130 | D:1      | Gained mutation: Your demonic aura sometimes causes spilled
                  | blood to erupt in flames. [demonic ancestry]
   130 | D:1      | Reached XP level 2. HP: 23/24 MP: 2/2
   834 | D:1      | Gained mutation: You have sharp fingernails. [demonic
                  | ancestry]
   834 | D:1      | Reached XP level 3. HP: 25/29 MP: 3/3
  1281 | D:2      | Noticed Robin
  1291 | D:2      | Slain by Robin

Illustrated notes

Levels and vault maps discovered:
D:1:      sevenhm_arrival_forest_fort_small_4, layout_loops_ring,
          minmay_domino_2
D:2:      layout_basic, guppyfry_early_orc_mine, uniq_robin

Skill      XL: |  1  2 |
---------------+-------+-----
Axes           | 2 3 |  3.8
Fighting       | |  3.0
Armour         | |  2.6
Shields        | |  2.6

Action                     || total
---------------------------++-------
  Melee: War axe           ||    94
 Armour: Scale mail        ||    76
  Dodge: Dodged            ||    45
  Block: Buckler           ||    24

Table legend: (Time is in decaauts)
 A = Elapsed time spent in this place.
 B = Non-inter-level travel time spent in this place.
 C = Inter-level travel time spent in this place.
 D = Time resting spent in this place.
 E = Time spent auto-exploring this place.
 F = Levels seen in this place.
 G = Mean time per level.
                   A        B        C        D        E       F      G
               +--------+--------+--------+--------+--------+-----+--------+
         Total |   1339 |   1311 |     28 |      0 |   1074 |   2 |  669.5 |
       Dungeon |   1339 |   1311 |     28 |      0 |   1074 |   2 |  669.5 |
               +--------+--------+--------+--------+--------+-----+--------+

Top non-repeatable levels by time:
     D:1: 984 daAuts
     D:2: 354 daAuts

Levels and vault maps discovered:
D:1:      sevenhm_arrival_forest_fort_small_4, layout_loops_ring,
          minmay_domino_2
D:2:      layout_basic, guppyfry_early_orc_mine, uniq_robin
